 Dungeon Crawl Stone Soup version 0.31-a0-1-g4198be8af4 (webtiles) character file.

Game seed: 6446676407114313671

5 pokedragonboy the Trooper (level 1, -4/19 HPs)
             Began as a Barachi Fighter on May 2, 2023.
             Slain by a gnoll
             ... wielding a +0 flail
              (10 damage)
             ... on level 1 of the Dungeon.
             The game lasted 00:01:20 (116 turns).

pokedragonboy the Trooper (Barachi Fighter)          Turns: 116, Time: 00:01:20

Health: -4/19      AC:  7    Str: 17    XL:     1   Next: 80%
Magic:  1/1        EV:  9    Int:  8    God:
Gold:   16         SH:  4    Dex: 11    Spells: 0/0 levels left

rFire   . . .        a - +0 war axe
rCold   . . .        c - +0 buckler
rNeg    . . .        b - +0 scale mail
rPois   .            (no helmet)
rElec   .            (no cloak)
rCorr   .            (no gloves)
SInv    .            (no boots)
Will    .....        (no amulet) Stlth
                     (no ring)
HPRegen 0.23/turn    (no ring)
MPRegen 0.07/turn

%: no passive effects
@: unable to hop, slow
A: amphibious, slowness 1, strong legs 1, +LOS
a: Hop


You were on level 1 of the Dungeon.
You visited 1 branch of the dungeon, and saw 1 of its levels.

You collected 16 gold pieces.

Inventory:

Hand Weapons
 a - a +0 war axe (weapon)
Armour
 b - a +0 scale mail (worn)
 c - a +0 buckler (worn)
Scrolls
 g - a scroll of amnesia {unknown}
 h - 2 scrolls of identify {unknown}
Potions
 d - 2 potions of might
 e - 2 potions of invisibility {unknown}
 f - 2 potions of berserk rage {unknown}


   Skills:
 + Level 3.7 Fighting
 * Level 2.4 Axes
 + Level 3.7 Armour
 - Level 3.2 Shields
 + Level 0.2 Invocations


You couldn't memorise any spells.
You didn't know any spells.
Your spell library was empty.

Dungeon Overview and Level Annotations

Branches:
Dungeon (1/15)

Altars:


Innate Abilities, Weirdness & Mutations

You are amphibious.
You cover ground slowly.
You can hop short distances.
You have an extended range of vision and can be seen from far away.


Message History

You see here a +0 robe.
A hobgoblin comes into view.
The hobgoblin shouts!
An endoplasm comes into view.
Hop to where?
Press: ? - help, Dir - move target Boing!
The endoplasm quivers.
You slash the hobgoblin!
You kill the hobgoblin!
No target in view!
The endoplasm hits you.
You slash the endoplasm!
You kill the endoplasm!
No target in view!
No target in view!
Okay, then.
You see here a hobgoblin corpse.
A gnoll comes into view. It is wielding a +0 flail.
Found a buckler.
The gnoll shouts!
You hear an angry hiss.
A ball python comes into view.
You hit the gnoll but do no damage. The gnoll closely misses you.
You barely miss the gnoll. The gnoll hits you with a +0 flail!
You barely miss the gnoll. The gnoll hits you with a +0 flail.
The gnoll misses you.
You hit the gnoll.
The gnoll is lightly wounded.
You block the gnoll's attack.
You closely miss the gnoll.
The gnoll is lightly wounded.
The gnoll hits you with a +0 flail!
* * * LOW HITPOINT WARNING * * *
You block the gnoll's attack.
Okay, then.
You hit the gnoll.
The gnoll is lightly wounded.
The gnoll hits you with a +0 flail!
Ouch! That really hurt!
You die...

##. . ..[ . ..#. .... ..# # ..#
.. #S# .. #g# #.#.##
####@#....... #########
#............ #.......#
#....################
#.......####.####...........'...
#............# #..#####...##.⌠.
#........###.# #..# ##...###...
#...........># ##..###...## #..#
#......†####.##.#..##...## #.##
#...............#..#...## #'##


You could see a gnoll and a ball python.

Vanquished Creatures
  A ball python (D:1)
  A bat (D:1)
  An endoplasm (D:1)
  A hobgoblin (D:1)
4 creatures vanquished.

Notes
Turn   | Place    | Note
-------+----------+-------------------------------------------
     0 | D:1      | pokedragonboy the Barachi Fighter began the quest for the
                  | Orb.
     0 | D:1      | Reached XP level 1. HP: 18/18 MP: 1/1
   116 | D:1      | Slain by a gnoll

Illustrated notes

Levels and vault maps discovered:
D:1:      dpeg_arrival_triangle_fractal, layout_rooms, serial_shops,
          nicolae_shop_tiny_real_fake_doors

Action                     || total
---------------------------++-------
  Melee: War axe           ||    12
Ability: Hop               ||     1
 Armour: Scale mail        ||     1
  Dodge: Dodged            ||     2
  Block: Buckler           ||     4

Table legend: (Time is in decaauts)
 A = Elapsed time spent in this place.
 B = Non-inter-level travel time spent in this place.
 C = Inter-level travel time spent in this place.
 D = Time resting spent in this place.
 E = Time spent auto-exploring this place.
 F = Levels seen in this place.
 G = Mean time per level.
                   A        B        C        D        E       F      G
               +--------+--------+--------+--------+--------+-----+--------+
         Total |    137 |    137 |      0 |      0 |    103 |   1 |  137.0 |
       Dungeon |    137 |    137 |      0 |      0 |    103 |   1 |  137.0 |
               +--------+--------+--------+--------+--------+-----+--------+

Top non-repeatable levels by time:
     D:1: 137 daAuts
